 Dungeon Crawl Stone Soup version 0.26-b1-32-g5d43845318 (webtiles) character file.

Game seed: 11162092418633199936

212 Borgoz the Cudgeller (level 5, -5/33 HPs)
             Began as a Gargoyle Gladiator on Jan 12, 2021.
             Killed by divine providence
             ... invoked by an orc priest
              (11 damage)
             ... on level 4 of the Dungeon.
             The game lasted 00:03:17 (3409 turns).

Borgoz the Cudgeller (Gargoyle Gladiator)           Turns: 3409, Time: 00:03:17

Health: -5/33      AC: 12    Str: 15 (18) XL:     5   Next: 90%
Magic:  5/5        EV: 11    Int:  8 (9)  God:
Gold:   149        SH:  0    Dex:  8 (11) Spells: 4/4 levels left

rFire    . . .     SeeInvis .   a - +1 flail
rCold    . . .     Faith    .   (no shield)
rNeg     + . .     Spirit   .   l - +0 ring mail
rPois    ∞         Reflect  .   c - +0 helmet
rElec    +         Harm     .   (no cloak)
rCorr    .         Rampage  .   h - +1 pair of gloves
Will     .....                  (no boots)
Stlth    +.........             (no amulet)
HPRegen  0.11/turn              i - ring of stealth
MPRegen  0.09/turn              (no ring)

@: no status effects
A: negative energy resistance 1, electricity resistance, unbreathing,
petrification resistance, miasma immunity, AC +4
a: no special abilities


You were on level 4 of the Dungeon.
You visited 1 branch of the dungeon, and saw 4 of its levels.

You collected 149 gold pieces.

Inventory:

Hand Weapons
 a - a +1 flail (weapon)
Missiles
 d - 3 throwing nets (quivered)
Armour
 c - a +0 helmet (worn)
 h - a +1 pair of gloves (worn)
 l - a +0 ring mail (worn)
Jewellery
 i - a ring of stealth (left hand)
Scrolls
 g - a scroll of remove curse
Potions
 b - a potion of haste
 e - a potion of degeneration
 f - a potion of flight {unknown}
 j - a potion of attraction {unknown}
 k - 2 potions of might
 o - a potion of lignification {unknown}


   Skills:
 + Level 3.7 Fighting
 + Level 4.1 Maces & Flails
 - Level 1.7 Throwing
 + Level 2.7 Armour
 + Level 3.3 Dodging


You had 4 spell levels left.
You didn't know any spells.
Your spell library was empty.

Dungeon Overview and Level Annotations

Branches:
Dungeon (4/15)
 Temple: D:4-7

Altars:
Ashenzari
Gozag
The Shining One

Shops:
D:4 *


Innate Abilities, Weirdness & Mutations

You are resistant to torment.
Your stone body is resilient. (AC +4)
You are immune to poison.
You resist negative energy. (rN+)
You are resistant to electric shocks. (rElec)
You can survive without breathing.
You are immune to petrification.
You are immune to miasma.


Message History

The orc hits you but does no damage. The orc wizard misses you.
You sock the orc wizard!
The orc wizard is severely wounded.
The orc barely misses you.
The orc wizard gestures at itself while chanting.
The orc wizard flickers and vanishes!
Deactivating autopickup; reactivate with Ctrl-A.
You miss something. The orc barely misses you.
You hear some strange, mumbled words.
Something tries to affect you, but you resist.
You closely miss something. The orc hits you but does no damage.
You hear some strange, mumbled words.
Something tries to affect you, but you resist.
You barely miss the orc. Something hits you.
* * * LOW HITPOINT WARNING * * *
The orc hits you with a +0 mace.
* * * LOW HITPOINT WARNING * * *
The orc priest invokes the aid of Beogh against you.
Beogh smites you!
You die...

#########
........###
#@#.##
#{oo.#
###.## #.#
###.####
#...o..#
#.#o##.#
#.#.##.# #
..##.#


You could see an orc priest and an orc.

Vanquished Creatures
  2 worker ants
  8 adders
  An ooze (D:1)
  4 worms
  2 dart slugs
  2 leopard geckos (D:3)
  A ball python (D:2)
  7 bats
  3 giant cockroaches
  6 hobgoblins
  7 jackals
  3 quokkas
  2 frilled lizards (D:1)
  8 goblins
  10 kobolds
  4 rats
70 creatures vanquished.

Notes
Turn   | Place    | Note
-------+----------+-------------------------------------------
     0 | D:1      | Borgoz the Gargoyle Gladiator began the quest for the Orb.
     0 | D:1      | Reached XP level 1. HP: 12/12 MP: 1/1
   165 | D:1      | Reached XP level 2. HP: 18/18 MP: 2/2
   703 | D:1      | Reached skill level 1 in Armour
  1002 | D:2      | Reached XP level 3. HP: 8/22 MP: 3/3
  1312 | D:2      | Reached XP level 4. HP: 26/28 MP: 4/4
  2087 | D:2      | Found a broken altar of Ashenzari.
  2286 | D:2      | Reached XP level 5. HP: 29/32 MP: 5/5
  2857 | D:3      | Found a glowing golden altar of the Shining One.
  2906 | D:3      | Reached skill level 4 in Maces & Flails
  3377 | D:4      | Found an opulent altar of Gozag.
  3381 | D:4      | Found Gozag's Platinum Reserve.
  3409 | D:4      | Killed from afar by an orc priest

Illustrated notes

Levels and vault maps discovered:
D:1:      dpeg_arrival_central, layout_rooms, chequers_serial_rivers_room_a
D:2:      layout_loops_corners, lemuel_crystal_altar
D:3:      layout_basic, tso_oasis_becter, chequers_garden
D:4:      layout_loops_cross, nicolae_gozag_zags_fifth_avenue,
          lemuel_coloured_pillars_altar, cheibrodos_sewer_entry_sluice,
          minmay_misc_feat_ornament, kennysheep_generic_room_15

Skill      XL: |  1  2  3  4  5 |
---------------+----------------+-----
Armour         | 1 2 |  2.7
Fighting       | 3 |  3.7
Dodging        | 3 |  3.3
Maces & Flails | 4 |  4.1
Throwing       | |  1.7

Action                   |  1- 3 |  4- 6 || total
-------------------------+-------+-------++-------
Melee: Flail             |    90 |   223 ||   313
  Use: Scroll            |       |     6 ||     6
       Potion            |       |     1 ||     1
 Stab: Sleeping          |     1 |     3 ||     4
Armor: Leather armour    |    56 |    10 ||    66
       Ring mail         |       |   105 ||   105
Dodge: Dodged            |    88 |   162 ||   250
